AoeStats
← bert1028

Hideout

508633353Analyzed
1v1 RM · 10d ago on Sep 23, 2026· 25m 28s· 2 players
Game mode
Random Map
Map size
Tiny (2 player)
Population
200
Speed
Normal
Resources
Standard
Victory
Conquest
Starting age
Dark Age
Ending age
Imperial Age
RankedLock teamsTeams togetherTeam positionsShared explorationLock speedFull tech treeHidden civsTurbo modeCheats
Victory
Defeat
🇹🇼 Danes · Taiwan
1193
+16
🇹🇷 Portuguese · Türkiye
1202
-16
bert1028
11:30 Feudal Age
15:19 Castle Age
13:38 Double-Bit Axe
13:38 Horse Collar
15:05 Loom
16:38 Scale Mail Armor
16:54 Bow Saw
20:36 Arson
22:04 Chain Mail Armor
23:03 Squires
25:39 Forging
VALENTE
10:38 Feudal Age
13:58 Double-Bit Axe
16:28 Castle Age
16:30 Stone Mining
16:30 Gold Mining
18:58 Loom
22:14 Fletching
23:03 Bow Saw
23:23 Fletching
Connection lost

Rejoining the realm…

Still unreachable

The connection could not be restored.

Session expired

The server has moved on; the page needs a fresh start.